 Dungeon Crawl Stone Soup version 0.22.1-2-g9c5b331383 (webtiles) character file.

618423 bananovenc the Gargoyle Barricade (level 27, -9/172 HPs)
             Began as a Gargoyle Fighter on Dec 15, 2018.
             Was the Champion of Okawaru.
             Killed from afar by a Brimstone Fiend (19 damage)
             ... with damnation
             ... led by Tytaist
             ... on level 8 of the Dungeon on Dec 16, 2018.
             The game lasted 03:37:30 (53390 turns).

bananovenc the Gargoyle Barricade (GrFi)           Turns: 53390, Time: 03:37:31

Health: -9/172     AC: 56    Str: 43    XL:     27
Magic:  27/27      EV: 11    Int:  9    God:    Okawaru [******]
Gold:   6092       SH: 39    Dex: 24    Spells: 26/26 levels left

rFire    + + +     SeeInvis .   Z - +7 broad axe (vamp)
rCold    + . .     Gourm    .   F - +8 large shield {AC+3}
rNeg     + + +     Faith    .   c - +2 crystal plate armour
rPois    ∞         Spirit   .   Q - +0 helmet of Gestures {+Fly Dex+5}
rElec    +         Reflect  .   H - +4 dragonskin cloak
rCorr    +         Harm     .   W - +2 pair of gloves {Dex+3}
MR       +++..     Rnd*Rage +   p - +0 pair of boots of Xedyogoo {rCorr Str+4} Stlth ..........Rnd*Tele +
                                P - amulet of the Moon {+Blink +Rage rF+ Dex+3}
HPRegen  0.38/turn              l - ring "Cefuem" {*Drain MR+ Dex+2 Stlth+}
MPRegen  0.20/turn              J - ring of Jizxakip {Fire rN+ Str+4}

@: about to teleport, berserk cooldown, slowed, very slow
A: big wings, talons 1, thin skeletal structure 1, berserk 2, cold resistance 1,
deformed body, frail 1, negative energy resistance 1, screaming 2, electricity
resistance, strong 1, teleportitis 2, unbreathing, petrification resistance, rot
immunity, AC +20
0: Orb of Zot
}: 3/15 runes: decaying, silver, gossamer
a: Fly, Heroism, Finesse, Renounce Religion, Evoke Blink, Evoke Berserk Rage,
Evoke Flight


You were on level 8 of the Dungeon.
You worshipped Okawaru.
Okawaru was exalted by your worship.
You were not hungry.

You visited 9 branches of the dungeon, and saw 47 of its levels.
You visited the Abyss 1 time.
You also visited: Sewer, Ossuary and Bailey.

You collected 6707 gold pieces.
You spent 615 gold pieces at shops.

Inventory:

Hand Weapons
 L - a +2 war axe of flaming
 Z - a +7 vampiric broad axe (weapon)
Missiles
 e - 5 steel javelins (quivered)
 i - 9 javelins of returning
 O - 40 tomahawks of returning
Armour
 c - a +2 crystal plate armour (worn)
 p - the +0 pair of boots of Xedyogoo (worn) {rCorr Str+4}
   (Okawaru gifted it to you on level 5 of the Realm of Zot)

   It affects your strength (+4).
   It provides partial protection from all sources of acid and corrosion.
 F - a +8 large shield of protection (worn)
 H - the +4 dragonskin cloak (worn)
   (You took it off Tiamat on level 4 of the Realm of Zot)
 Q - the +0 helmet of Gestures (worn) {+Fly Dex+5}
   (You acquired it in a bailey)

   It affects your dexterity (+5).
   It lets you fly.
 W - a +2 pair of gloves of dexterity (worn)
Jewellery
 l - the ring "Cefuem" (left hand) {*Drain MR+ Dex+2 Stlth+}
   (You acquired it on level 1 of the Realm of Zot)

   [ring of protection from magic]

   It affects your dexterity (+2).
   It affects your resistance to hostile enchantments.
   It causes draining when unequipped.
   It makes you more stealthy.
 J - the ring of Jizxakip (right hand) {Fire rN+ Str+4}
   (You acquired it on level 14 of the Dungeon)

   [ring of fire]

   It enhances your fire magic.
   It affects your strength (+4).
   It protects you from fire.
   It makes you vulnerable to cold.
   It protects you from negative energy.
 P - the amulet of the Moon (around neck) {+Blink +Rage rF+ Dex+3}
   (You took it off a frost giant on level 1 of the Depths)

   [amulet of rage]

   It affects your dexterity (+3).
   It protects you from fire.
   It lets you blink.
   It lets you go berserk.
Wands
 a - a wand of digging (20)
 d - a wand of random effects (95)
 j - a wand of polymorph (24)
 k - a wand of flame (96)
 w - a wand of disintegration (32)
 y - a wand of paralysis (35)
 K - a wand of enslavement (50)
 U - a wand of clouds (3)
 V - a wand of iceblast (7)
 X - a wand of acid (32)
Scrolls
 h - 2 scrolls of brand weapon
 n - 4 scrolls of fog
 o - 16 scrolls of teleportation
 q - a scroll of amnesia
 t - a scroll of holy word
 u - 22 scrolls of remove curse
 x - 4 scrolls of blinking
 E - 30 scrolls of identify
 M - 3 scrolls of fear
 R - 10 scrolls of magic mapping
 S - 2 scrolls of silence
Potions
 b - 4 potions of haste
 g - 9 potions of ambrosia
 r - 3 potions of magic
 s - 5 potions of resistance
 v - 13 potions of curing
 z - 11 potions of brilliance
 B - 6 potions of cancellation
 C - 6 potions of agility
 D - 8 potions of berserk rage
 N - 2 potions of invisibility
Miscellaneous
 m - a lamp of fire
 A - a lamp of fire
 G - a lamp of fire
 I - a sack of spiders
 T - a phantom mirror
Comestibles
 f - 72 rations


   Skills:
 + Level 24.8 Fighting
 + Level 24.4 Axes
 + Level 2.8 Throwing
 + Level 16.6 Armour
 + Level 4.2 Dodging
 + Level 3.5 Stealth
 O Level 27 Shields
 + Level 6.1 Invocations
 + Level 2.7 Evocations


You had 26 spell levels left.
You didn't know any spells.
Your spell library contained the following spells:

 Spells                   Type           Power        Failure   Level  Hunger
 Animate Skeleton         Necr           N/A          95%         1    ##.....
 Apportation              Tloc           #.....       95%         1    ##.....
 Beastly Appendage        Tmut           #.....       95%         1    ##.....
 Confusing Touch          Hex            #.....       95%         1    ##.....
 Flame Tongue             Conj/Fire      #....        95%         1    ##.....
 Freeze                   Ice            #...         95%         1    ##.....
 Infusion                 Chrm           #...         95%         1    ##.....
 Magic Dart               Conj           #...         95%         1    ##.....
 Shock                    Conj/Air       #...         95%         1    ##.....
 Sting                    Conj/Pois      #...         95%         1    ##.....
 Summon Butterflies       Summ           #.......     95%         1    ##.....
 Summon Small Mammal      Summ           #...         95%         1    ##.....
 Blink                    Tloc           N/A          99%         2    ###....
 Call Imp                 Summ           #.......     99%         2    ###....
 Corpse Rot               Necr           N/A          99%         2    ###....
 Poisonous Vapours        Pois/Air       #.....       99%         2    ###....
 Shroud of Golubria       Chrm/Tloc      #.........   99%         2    ###....
 Slow                     Hex            #.......     99%         2    ###....
 Song of Slaying          Chrm           #.......     99%         2    ###....
 Sticks to Snakes         Tmut           #.......     99%         2    ###....
 Swiftness                Chrm/Air       #.......     99%         2    ###....
 Throw Frost              Conj/Ice       #.....       99%         2    ###....
 Call Canine Familiar     Summ           #.......     100%        3    ####...
 Confuse                  Hex            #.......     100%        3    ####...
 Conjure Flame            Conj/Fire      #.......     100%        3    ####...
 Gell's Gravitas          Tloc           #.........   100%        3    ####...
 Ignite Poison            Fire/Tmut/Pois #.......     100%        3    ####...
 Lesser Beckoning         Tloc           #.........   100%        3    ####...
 Mephitic Cloud           Conj/Pois/Air  #.......     100%        3    ####...
 Ozocubu's Armour         Chrm/Ice       #.......     100%        3    ####...
 Recall                   Summ/Tloc      N/A          100%        3    ####...
 Regeneration             Chrm/Necr      #.........   100%        3    ####...
 Spectral Weapon          Hex/Chrm       #.......     100%        3    ####...
 Spider Form              Tmut/Pois      #.........   100%        3    ####...
 Static Discharge         Conj/Air       #.......     100%        3    ####...
 Stone Arrow              Conj/Erth      #.....       100%        3    ####...
 Teleport Other           Tloc           #.......     100%        3    ####...
 Tukima's Dance           Hex            #.......     100%        3    ####...
 Airstrike                Air            #.........   100%        4    #####..
 Cause Fear               Hex            #.........   100%        4    #####..
 Ice Form                 Ice/Tmut       #.......     100%        4    #####..
 Leda's Liquefaction      Hex/Erth       #.........   100%        4    #####..
 Olgreb's Toxic Radiance  Pois           #.......     100%        4    #####..
 Petrify                  Tmut/Erth      #.......     100%        4    #####..
 Summon Ice Beast         Ice/Summ       #.......     100%        4    #####..
 Throw Icicle             Conj/Ice       #.......     100%        4    #####..
 Agony                    Necr           #.......     100%        5    ######.
 Alistair's Intoxication  Tmut/Pois      #.......     100%        5    ######.
 Aura of Abjuration       Summ           #.........   100%        5    ######.
 Blade Hands              Tmut           #.........   100%        5    ######.
 Bolt of Draining         Conj/Necr      #.........   100%        5    ######.
 Bolt of Magma            Conj/Fire/Erth #.........   100%        5    ######.
 Dispel Undead            Necr           #.......     100%        5    ######.
 Excruciating Wounds      Chrm/Necr      #.........   100%        5    ######.
 Iskenderun's Battlesphe  Conj/Chrm      #.......     100%        5    ######.
 Lee's Rapid Deconstruct  Erth           #.........   100%        5    ######.
 Lightning Bolt           Conj/Air       #.........   100%        5    ######.
 Metabolic Englaciation   Hex/Ice        #.........   100%        5    ######.
 Summon Demon             Summ           #.........   100%        5    ######.
 Summon Forest            Summ/Tloc      #.........   100%        5    ######.
 Summon Mana Viper        Hex/Summ       #.......     100%        5    ######.
 Venom Bolt               Conj/Pois      #.........   100%        5    ######.
 Yara's Violent Unravell  Hex/Tmut       #.........   100%        5    ######.
 Bolt of Fire             Conj/Fire      #.........   100%        6    #######
 Freezing Cloud           Conj/Ice/Air   #.........   100%        6    #######
 Iron Shot                Conj/Erth      #.........   100%        6    #######
 Shadow Creatures         Summ           N/A          100%        6    #######
 Dragon Form              Tmut           #.........   100%        7    #######
 Orb of Destruction       Conj           #.........   100%        7    #######
 Ring of Flames           Chrm/Fire      #.........   100%        7    #######
 Spellforged Servitor     Conj/Summ      #.........   100%        7    #######
 Summon Hydra             Summ           #.........   100%        7    #######
 Ignition                 Fire           #.........   100%        8    #######
 Dragon's Call            Summ           #.........   100%        9    #######
 Shatter                  Erth           #.........   100%        9    #######
 Tornado                  Air            #.........   100%        9    #######
 Sublimation of Blood     Necr           Unusable     N/A         2    N/A
 Passage of Golubria      Tloc           Unusable     N/A         4    N/A
 Statue Form              Tmut/Erth      Unusable     N/A         6    N/A

Dungeon Overview and Level Annotations

Branches:
Dungeon (15/15)            Temple (1/1) D:7            Lair (6/6) D:11
  Swamp (4/4) Lair:2       Spider (4/4) Lair:3        Slime (0/5) Lair:6
    Orc (2/2) D:11            Elf (0/3) Orc:2        Vaults (5/5) D:13
  Crypt (0/3) Vaults:3     Depths (5/5) D:15            Zot (5/5) Depths:5

Altars:
Ashenzari
Cheibriados
Dithmenos
Elyvilon
Fedhas
Gozag
Hepliaklqana
Kikubaaqudgha
Makhleb
Nemelex Xobeh
Okawaru
Qazlal
Ru
Sif Muna
Trog
Uskayaw
Vehumet
Wu Jian
Xom
Yredelemnul
Zin
The Shining One

Shops:
D:6 !(*!   D:8 =   D:14 !   Orc:2 *:(   Vaults:1 :   Vaults:2 [?:[   Vaults:4 [
Vaults:5 **   Depths:4 =}}

Portals:
Hell: Depths:1 Depths:2 Depths:3 Depths:4 Depths:5
Abyss: Depths:4
Pandemonium: Depths:1 Depths:3 Depths:4
Ziggurat: Depths:5

Annotations:
Swamp:2 2 runed doors, SpaceYeku's ghost, journeyman FeBe
Depths:1 2 runed doors
Depths:3 44 runed doors


Innate Abilities, Weirdness & Mutations

You are resistant to torment.
Your stone body is resilient. (AC +20)
You are immune to poison.
Your large and strong wings let you fly indefinitely.
You resist negative energy. (rN+)
You are resistant to electric shocks. (rElec)
You can survive without breathing.
You are immune to petrification.
You are immune to rotting.
You have sharp toenails.
You have a somewhat thin skeletal structure. (Dex +2, Stealth)
You often lose your temper in combat.
Your flesh is cold resistant. (rC+)
Armour fits poorly on your strangely shaped body.
You are frail. (-10% HP)
You sometimes yell uncontrollably at your foes.
Your muscles are strong. (Str +2)
You are sometimes teleported next to monsters.


Message History

The Brimstone Fiend gestures at you.
The sphere of damnation explodes!
The damnation engulfs you!
* * * LOW HITPOINT WARNING * * *
The damnation engulfs the Brimstone Fiend.
The Brimstone Fiend completely resists.
Okay, then.
Your blink will be uncontrolled - continue anyway?
Okay, then.
Your blink will be uncontrolled - continue anyway?
The Orb prevents control of your translocation!
You blink.
As you read the scroll of blinking, it crumbles to dust.
An ice devil comes into view.
You yell at the ice devil!
As you read the scroll of teleportation, it crumbles to dust.
You feel strangely unstable.
You feel the Orb delaying your translocation!
The Brimstone Fiend gestures at you.
The sphere of damnation explodes!
The damnation engulfs you!
You die...

#.......^.#
#....."...###########
####.####.....#.....#
#.###.............
#4##..............
#.##...>..........
#.##..............
#.##..............
#@##..............
#.##..............
#.###............. #.#
##.....#...... #.#
####.#####.## #1#
#.###.[... #6#
#..##.#.##
##2#######.......##
#####.66..........#.###


You could see a Brimstone Fiend, a blizzard demon, a torturous blood saint and
an ice devil.

Vanquished Creatures
  Tiamat (Zot:4)
  4 ancient liches
  7 orbs of fire
  A juggernaut (Depths:5)
  3 pandemonium lords
  3 curse toes
  Saint Roka (Depths:1)
  4 Killer Klowns (Zot:5)
  Nikola (Depths:2)
  8 golden dragons
  Arachne (Spider:4)
  A bone dragon (Depths:5)
  3 electric golems (Zot:5)
  23 Orb Guardians
  17 tentacled monstrosities
  2 liches
  An Ice Fiend (Depths:5)
  8 titans
  6 quicksilver dragons
  A Hell Sentinel (D:8)
  13 death cobs
  An Executioner (Zot:2)
  A tentacled starspawn (Abyss:2)
  A sphinx (Depths:5)
  Gastronok (D:11)
  10 shadow dragons
  8 storm dragons
  Kirke (D:12)
  7 draconian monks
  A thorn hunter (Swamp:4)
  An azure jelly (Swamp:4)
  5 tengu reavers
  12 fire giants
  4 draconian knights
  4 deep elf sorcerers
  6 ghost moths
  2 iron dragons (Vaults:5)
  23 frost giants
  15 vault wardens
  2 orc warlords
  9 draconian scorchers
  3 emperor scorpions
  A ghost moth (shapeshifter) (Depths:5)
  A warmonger (Zot:2)
  3 draconian shifters
  A curse skull (Vaults:3)
  A ghoul (Vaults:4)
  7 draconian annihilators
  A juggernaut zombie (Depths:2)
  2 draconian stormcallers
  2 deep elf elementalists
  18 ironheart preservers
  3 war gargoyles
  6 vampire knights
  23 very ugly things
  18 stone giants
  13 green draconians
  4 entropy weavers
  14 white draconians
  A black sun (Zot:2)
  A lorocyproca (Zot:2)
  Nessos (Orc:2)
  4 deep elf annihilators
  Azrael (Spider:2)
  22 red draconians
  9 yellow draconians
  A merfolk javelineer (Depths:2)
  10 purple draconians
  14 ettins
  12 black draconians
  9 spark wasps
  A blizzard demon (Depths:4)
  2 jiangshi (Depths:4)
  20 yaktaur captains
  Snorg (Lair:3)
  10 ogre magi
  16 fire dragons
  Erolcha (Orc:2)
  A deep elf high priest (Vaults:5)
  Josephine (D:12)
  11 rakshasas
  30 vault guards
  9 great orbs of eyes
  A merfolk avatar (Lair:6)
  14 ice dragons
  16 hydras
  An anaconda (shapeshifter) (Vaults:3)
  A spriggan air mage (Depths:3)
  A monstrous demonspawn (Zot:2)
  15 centaur warriors
  2 ghost crabs
  A catoblepas (Lair:2)
  4 death knights
  5 tengu warriors
  11 deep troll shamans
  10 alligators
  26 two-headed ogres
  A queen ant (Spider:2)
  11 deep troll earth magi
  2 orc high priests (Orc:2)
  A vampire mage (Depths:4)
  3 death yaks (Lair:5)
  2 hell hogs (Depths:3)
  A shock serpent (shapeshifter) (Vaults:5)
  3 spriggan berserkers
  Nergalle (Lair:4)
  2 soul eaters
  A sun demon (D:15)
  8 deep elf knights
  Sonja (Lair:3)
  4 skeletal warriors (Vaults:1)
  A wretched star (Abyss:2)
  4 sixfirhies
  A golden dragon zombie (Depths:2)
  A fire crab (shapeshifter) (Vaults:5)
  4 iron trolls
  8 hell knights (Depths:5)
  23 deep trolls
  3 spriggan druids
  6 glowing orange brains
  2 sea snakes (Lair:6)
  3 unseen horrors
  2 phantasmal warriors
  An unseen horror (shapeshifter) (D:14)
  8 wizards
  5 swamp dragons
  4 flayed ghosts
  4 harpies (Vaults:4)
  A shadow demon (Depths:4)
  A shambling mangrove (Swamp:2)
  9 necromancers
  2 harpies (shapeshifter)
  14 orb spiders
  17 ironbrand convokers
  8 deep elf archers
  24 deep elf magi
  14 orc knights
  3 large abominations
  3 orc sorcerers
  40 slime creatures
  A cyclops (shapeshifter) (Vaults:4)
  A fire giant zombie (Depths:2)
  A salamander (Depths:5)
  29 ugly things
  2 manticores (Lair:6)
  A worldbinder (Abyss:2)
  2 frost giant zombies
  23 wolf spiders
  A centaur zombie (D:13)
  6 elephants
  3 cyclopes
  A frost giant skeleton (Depths:2)
  15 vault sentinels
  29 moths of wrath
  2 rust devils
  An apocalypse crab (Abyss:2)
  A black mamba (shapeshifter) (Depths:3)
  3 torpor snails
  2 molten gargoyles (Lair:5)
  2 fire giant skeletons
  3 gargoyles
  2 ice statues (Depths:4)
  2 smoke demons
  6 black mambas
  An orange demon (Zot:1)
  12 spiny frogs
  2 kobold demonologists
  13 komodo dragons
  A hellion (Abyss:2)
  63 yaktaurs
  An efreet (Zot:2)
  A rime drake (Lair:6)
  16 demonic crawlers
  4 ice devils (Depths:4)
  15 freezing wraiths
  A tormentor (Abyss:2)
  A komodo dragon (shapeshifter) (Vaults:4)
  3 hellwings
  8 trolls
  A jumping spider (shapeshifter) (D:14)
  A golden dragon simulacrum (Depths:2)
  9 tengu conjurers
  A queen bee (D:9)
  A queen bee (shapeshifter) (Depths:4)
  18 jumping spiders
  3 meliai (shapeshifter)
  11 tyrant leeches
  A wind drake (Lair:6)
  4 polar bears (Lair:6)
  Grinder (D:3)
  16 hornets
  5 bog bodies
  17 hippogriffs
  A meliai zombie (D:15)
  9 blink frogs
  A raiju (shapeshifter) (Vaults:1)
  A raiju (Abyss:2)
  4 starcursed masses (Abyss:2)
  2 tarantellas (shapeshifter)
  21 tarantellas
  67 redbacks
  2 ynoxinuls
  3 shadows
  8 wraiths
  5 spriggans
  A water elemental (Depths:2)
  A vampire (D:12)
  3 hogs (D:12)
  6 wyverns
  3 basilisks
  Eustachio (D:6)
  A hog (shapeshifter) (Depths:2)
  35 yaks
  24 fire elementals
  3 hungry ghosts
  A chaos spawn (Depths:4)
  A human simulacrum (Vaults:3)
  11 vampire mosquitoes
  6 swamp worm simulacra (Swamp:4)
  4 wargs
  Menkaure (D:6)
  16 swamp worms
  A warg (shapeshifter) (Vaults:3)
  2 soldier ants
  2 acid dragons (Vaults:1)
  5 insubstantial wisps
  12 water moccasins
  A water moccasin (shapeshifter) (Depths:1)
  6 porcupines
  11 hell hounds
  15 hydra simulacra (Swamp:4)
  3 floating eyes
  4 swamp drakes
  54 orc warriors
  4 ice beasts
  3 phantoms
  2 black bears
  An eye of draining (D:13)
  A necrophage (D:5)
  4 sky beasts
  26 ogres
  2 human skeletons (Vaults:3)
  A boggart (shapeshifter) (Depths:1)
  20 boggarts
  3 wolves (Lair:6)
  6 centaurs
  15 crocodiles
  An elf skeleton (Vaults:4)
  An elf zombie (Ossuary)
  4 big kobolds
  Blork the orc (D:6)
  4 earth elementals (Depths:1)
  4 gnoll sergeants
  20 bullfrogs
  A water moccasin zombie (D:7)
  A deep troll simulacrum (Vaults:3)
  A wyvern skeleton (D:10)
  11 scorpions
  18 killer bees
  2 elf simulacra
  An orc simulacrum (Vaults:2)
  13 wights
  4 howler monkeys
  An electric eel (Spider:4)
  5 lava snakes (Lair:5)
  14 crimson imps
  3 human zombies
  3 quasits
  5 small abominations
  6 jellies
  16 orc priests
  5 hounds
  24 orc wizards
  2 bullfrog skeletons
  2 centaur skeletons
  2 iron imps
  4 iguanas
  19 worker ants
  Terence (D:3)
  A big kobold zombie (Ossuary)
  3 mummies
  3 hound skeletons
  15 gnolls
  11 adders
  A river rat (Sewer)
  3 shadow imps
  2 white imps
  An ufetubus (Zot:2)
  3 oozes
  2 swamp drake simulacra (Swamp:4)
  An adder skeleton (D:9)
  3 adder zombies
  4 worms
  3 dart slugs
  8 leopard geckos
  90 orcs
  A ball python (D:5)
  9 giant cockroaches
  14 goblins
  7 hobgoblins
  16 jackals
  26 kobolds
  2 quokkas
  7 bats
  14 frilled lizards
  A goblin zombie (D:5)
  9 hobgoblin zombies (Ossuary)
  A jackal skeleton (D:5)
  A jackal zombie (Ossuary)
  10 kobold zombies (Ossuary)
  10 orc zombies
  15 rats
  2 rat zombies (Ossuary)
  5 fungi
  3 plants
  A starspawn tentacle (Abyss:2)
2220 creatures vanquished.

Vanquished Creatures (others)
  A golden dragon (Zot:4)
  A quicksilver dragon (Zot:5)
  A fire giant (Depths:3)
  A draconian knight (Zot:3)
  A black draconian (Zot:4)
  4 alligators
  A spriggan (Swamp:2)
  A moth of wrath (Zot:3)
  3 jumping spiders
  A tyrant leech (Swamp:4)
  2 hornets
  4 blink frogs (Lair:6)
  A redback (Spider:2)
  A golden eye (shapeshifter) (Vaults:2)
  A tengu zombie (Depths:2)
  An orc warrior (Orc:1)
  2 boggarts
  An ogre (Vaults:5)
  2 scorpions (D:9)
  An orc wizard (D:13)
  A worker ant (D:9)
  An orc (Orc:1)
  11 fungi
  16 plants
  5 starspawn tentacles (Abyss:2)
65 creatures vanquished.

Grand Total: 2285 creatures vanquished

Notes
Turn   | Place    | Note
-------+----------+-------------------------------------------
     0 | D:1      | bananovenc the Gargoyle Fighter began the quest for the
                  | Orb.
     0 | D:1      | Reached XP level 1. HP: 14/14 MP: 1/1
   177 | D:1      | Reached XP level 2. HP: 19/19 MP: 2/2
   282 | D:1      | Reached XP level 3. HP: 21/23 MP: 3/3
  1128 | D:2      | Reached XP level 4. HP: 29/29 MP: 4/4
  1611 | D:3      | Noticed Grinder
  1630 | D:3      | Paralysed by Grinder for 4 turns
  1648 | D:3      | Killed Grinder
  1648 | D:3      | Reached skill level 1 in Dodging
  1648 | D:3      | Reached skill level 4 in Shields
  1648 | D:3      | Reached XP level 5. HP: 17/33 MP: 5/5
  1648 | D:3      | Reached XP level 6. HP: 19/38 MP: 6/6
  1957 | D:3      | Noticed Terence
  2004 | D:3      | Killed Terence
  3396 | D:5      | Entered Level 5 of the Dungeon
  3396 | D:5      | Noticed a necrophage
  3405 | D:5      | Killed a necrophage
  3405 | D:5      | Reached skill level 5 in Shields
  3405 | D:5      | Reached XP level 7. HP: 44/44 MP: 7/7
  3409 | D:5      | Found a glowing drain.
  3419 | Sewer    | Entered a sewer
  3531 | Sewer    | Found a glowing silver altar of Zin.
  3707 | D:5      | Found a sand-covered staircase.
  3720 | Ossuary  | Entered an ossuary
  3828 | Ossuary  | Reached skill level 5 in Armour
  3833 | Ossuary  | Reached skill level 5 in Axes
  4090 | D:5      | Reached skill level 5 in Fighting
  4090 | D:5      | Reached XP level 8. HP: 49/49 MP: 8/8
  4373 | D:5      | Identified the Catalogue of Beguiling and Poison
  4816 | D:6      | Noticed Menkaure
  4817 | D:6      | Noticed Blork the orc
  4827 | D:6      | Killed Menkaure
  4828 | D:6      | Killed Blork the orc
  4833 | D:6      | Found Qeawkase's Distillery.
  5052 | D:6      | Bought a potion of lignification for 33 gold pieces
  5052 | D:6      | Bought a potion of brilliance for 44 gold pieces
  5052 | D:6      | Bought 2 potions of degeneration for 22 gold pieces
  5052 | D:6      | Bought a potion of agility for 44 gold pieces
  5084 | D:6      | Noticed Eustachio
  5104 | D:6      | Reached XP level 9. HP: 48/55 MP: 9/9
  5108 | D:6      | Reached skill level 6 in Shields
  5177 | D:6      | Killed Eustachio
  5456 | D:6      | Found Ugill's Distillery.
  5475 | D:6      | Bought a potion of berserk rage for 65 gold pieces
  5587 | D:6      | Found Begop's Weapon Emporium.
  5626 | D:6      | Found a sacrificial altar of Ru.
  5637 | D:6      | Found Beaq's Assorted Antiques.
  6024 | D:7      | Found a staircase to the Ecumenical Temple.
  6108 | D:7      | Reached skill level 7 in Shields
  6144 | Temple   | Entered the Ecumenical Temple
  6189 | Temple   | Became a worshipper of Warmaster Okawaru
  6462 | D:7      | Found a snail-covered altar of Cheibriados.
  6821 | D:8      | Found Yjuon's Jewellery Shoppe.
  6846 | D:8      | Reached XP level 10. HP: 57/61 MP: 6/10
  6910 | D:8      | Reached * piety under Okawaru
  7395 | D:9      | Reached skill level 8 in Shields
  7420 | D:9      | Reached ** piety under Okawaru
  7666 | D:9      | Reached skill level 1 in Stealth
  7854 | D:9      | Found a shimmering altar of Xom.
  7912 | D:9      | Noticed a two-headed ogre
  7922 | D:9      | Killed a two-headed ogre
  7922 | D:9      | Reached skill level 9 in Shields
  7962 | D:9      | Noticed a two-headed ogre
  7976 | D:9      | Killed a two-headed ogre
  7976 | D:9      | Reached skill level 10 in Axes
  7976 | D:9      | Reached XP level 11. HP: 43/68 MP: 11/11
  7979 | D:9      | Reached *** piety under Okawaru
  8480 | D:10     | Entered Level 10 of the Dungeon
  8809 | D:10     | Noticed a brown ugly thing
  8843 | D:10     | Killed a brown ugly thing
  9295 | D:11     | Reached skill level 10 in Shields
  9338 | D:11     | Reached **** piety under Okawaru
  9359 | D:11     | Noticed Gastronok
  9394 | D:11     | Killed Gastronok
  9394 | D:11     | Received a gift from Okawaru
  9804 | D:11     | Reached ***** piety under Okawaru
  9911 | D:11     | Killed an unseen horror
 10048 | D:11     | Noticed a two-headed ogre
 10067 | D:11     | Killed a two-headed ogre
 10088 | D:11     | Found a staircase to the Lair.
 10245 | D:11     | Reached XP level 12. HP: 72/75 MP: 12/12
 10386 | D:11     | Found a staircase to the Orcish Mines.
 10795 | D:11     | Reached skill level 11 in Shields
 10873 | D:12     | Received a gift from Okawaru
 11184 | D:12     | Noticed Josephine
 11195 | D:12     | Killed Josephine
 11366 | D:12     | Noticed a soul eater
 11587 | D:12     | Noticed Kirke
 11603 | D:12     | Killed Kirke
 11820 | D:13     | Reached ****** piety under Okawaru
 11853 | D:13     | Found a flagged portal.
 11867 | Bailey   | Entered a bailey
 11872 | Bailey   | Noticed an orc warlord
 11956 | Bailey   | Found a runed gate.
 11959 | Bailey   | Found a runed gate.
 12027 | Bailey   | Found a runed gate.
 12050 | Bailey   | Reached XP level 13. HP: 80/80 MP: 13/13
 12118 | Bailey   | Killed an orc warlord
 12118 | Bailey   | Received a gift from Okawaru
 12118 | Bailey   | Reached skill level 12 in Shields
 12165 | Bailey   | Identified 2 scrolls of acquirement
 12166 | Bailey   | Got a distressingly furry helmet
 12179 | Bailey   | Identified the +0 helmet of Gestures {+Fly Dex+5} (You
                  | acquired it in a bailey)
 12379 | D:13     | Received a gift from Okawaru
 12962 | D:13     | Reached skill level 10 in Fighting
 13041 | D:13     | Noticed an ogre mage
 13041 | D:13     | Noticed a vault guard
 13049 | D:13     | Reached skill level 1 in Invocations
 13050 | D:13     | Killed an ogre mage
 13061 | D:13     | Killed a vault guard
 13245 | D:13     | Found a gate to the Vaults.
 13245 | D:13     | Noticed a vault guard
 13245 | D:13     | Noticed a vault guard
 13265 | D:13     | Killed a vault guard
 13288 | D:13     | Killed a vault guard
 13438 | D:13     | Received a gift from Okawaru
 13486 | D:13     | Reached skill level 13 in Shields
 14158 | D:14     | Gained mutation: Your large and strong wings let you fly
                  | indefinitely. [Gargoyle growth]
 14158 | D:14     | Reached XP level 14. HP: 38/88 MP: 14/14
 14392 | D:14     | Got a sparkling jade ring
 14394 | D:14     | Identified the ring of Jizxakip {Fire rN+ Str+4} (You
                  | acquired it on level 14 of the Dungeon)
 14679 | D:14     | Reached skill level 1 in Evocations
 14806 | D:14     | Found Mileso Nuoj's Distillery.
 14813 | D:14     | Bought a potion of mutation for 88 gold pieces
 14813 | D:14     | Bought a potion of mutation for 88 gold pieces
 14816 | D:14     | Gained mutation: You are resistant to hostile enchantments.
                  | (MR+) [potion of mutation]
 14816 | D:14     | Gained mutation: Your muscles are strong. (Str +2) [potion
                  | of mutation]
 14816 | D:14     | Lost mutation: You are resistant to hostile enchantments.
                  | (MR+) [potion of mutation]
 14816 | D:14     | Gained mutation: Your flesh is heat resistant. (rF+)
                  | [potion of mutation]
 14957 | D:15     | Entered Level 15 of the Dungeon
 15082 | D:15     | Found a shadowy altar of Dithmenos.
 15238 | D:15     | Found a staircase to the Depths.
 15240 | D:15     | Noticed a fire giant
 15397 | D:15     | Killed a fire giant
 15419 | D:15     | Received a gift from Okawaru
 15423 | D:15     | Reached skill level 1 in Throwing
 15433 | D:15     | Reached skill level 14 in Shields
 16014 | Lair:1   | Entered Level 1 of the Lair of Beasts
 16315 | Lair:1   | Reached skill level 15 in Axes
 16630 | Lair:2   | Reached skill level 10 in Armour
 16648 | Lair:2   | Received a gift from Okawaru
 16797 | Lair:2   | Found a staircase to the Swamp.
 16856 | Lair:2   | Got a transparent war axe
 16857 | Lair:2   | Identified the +6 war axe of Tenacity {chop, MR+ Int+4}
                  | (You found it on level 2 of the Lair of Beasts)
 17390 | Lair:3   | Noticed Snorg
 17400 | Lair:3   | Killed Snorg
 17427 | Lair:3   | Noticed Sonja
 17442 | Lair:3   | Killed Sonja
 17522 | Lair:3   | Lost mutation: Your muscles are strong. (Str +2) [potion of
                  | mutation]
 17522 | Lair:3   | Lost mutation: Your flesh is heat resistant. (rF+) [potion
                  | of mutation]
 17522 | Lair:3   | Gained mutation: Your mind is acute. (Int +2) [potion of
                  | mutation]
 17522 | Lair:3   | Gained mutation: Your flesh is cold resistant. (rC+)
                  | [potion of mutation]
 17523 | Lair:3   | Lost mutation: Your mind is acute. (Int +2) [potion of
                  | mutation]
 17523 | Lair:3   | Gained mutation: You are agile. (Dex +2) [potion of
                  | mutation]
 17523 | Lair:3   | Gained mutation: You have sharp fingernails. [potion of
                  | mutation]
 17591 | Lair:3   | Found a hole to the Spider Nest.
 17595 | Lair:3   | Reached XP level 15. HP: 95/95 MP: 16/16
 17913 | Lair:4   | Noticed Nergalle
 17921 | Lair:4   | Killed Nergalle
 17941 | Lair:4   | Reached skill level 15 in Shields
 18712 | Lair:5   | Received a gift from Okawaru
 19732 | Lair:6   | Entered Level 6 of the Lair of Beasts
 20096 | Lair:6   | Received a gift from Okawaru
 20097 | Lair:6   | Got an ancient broad axe {god gift}
 20098 | Lair:6   | Identified the +6 broad axe of Dominance {drain, *Slow MR+
                  | Int+7 SInv} (Okawaru gifted it to you on level 6 of the
                  | Lair of Beasts)
 20184 | Lair:6   | Found a staircase to the Slime Pits.
 20375 | Lair:6   | Reached skill level 16 in Shields
 20859 | Orc:1    | Entered Level 1 of the Orcish Mines
 20870 | Orc:1    | Paralysed by an orc sorcerer for 5 turns
 21029 | Orc:1    | Received a gift from Okawaru
 21030 | Orc:1    | Got a distressingly furry cloak {god gift}
 21059 | Orc:1    | Identified the +0 cloak "Atzaocki" {rPois rN++ Int-5}
                  | (Okawaru gifted it to you on level 1 of the Orcish Mines)
 21423 | Orc:2    | Entered Level 2 of the Orcish Mines
 21441 | Orc:2    | Noticed Nessos
 21457 | Orc:2    | Killed Nessos
 21458 | Orc:2    | Noticed an orc warlord
 21458 | Orc:2    | Noticed Erolcha
 21465 | Orc:2    | Reached XP level 16. HP: 55/102 MP: 17/17
 21479 | Orc:2    | Killed Erolcha
 21482 | Orc:2    | Found Hysinoupn's Antique Weapon Emporium.
 21513 | Orc:2    | Found Cykhaosk's General Store.
 21811 | Orc:2    | Found a staircase to the Elven Halls.
 21821 | Orc:2    | Found Xeisouth's Book Emporium.
 21988 | Orc:2    | Found Moost's Antique Armour Shoppe.
 22484 | Spider:1 | Entered Level 1 of the Spider Nest
 22567 | Spider:1 | Received a gift from Okawaru
 23339 | Spider:1 | Received a gift from Okawaru
 23340 | Spider:1 | Got a brightly glowing war axe {god gift}
 23341 | Spider:1 | Identified the +1 war axe "Raru" {speed, -Tele rPois Str+4}
                  | (Okawaru gifted it to you on level 1 of the Spider Nest)
 23409 | Spider:2 | Noticed Azrael
 23426 | Spider:2 | Killed Azrael
 23850 | Spider:2 | Reached skill level 17 in Shields
 24312 | Spider:2 | Received a gift from Okawaru
 24665 | Spider:3 | Received a gift from Okawaru
 24709 | Spider:3 | Reached XP level 17. HP: 102/109 MP: 18/18
 24735 | Spider:3 | Got a transparent plate armour
 24746 | Spider:3 | Identified the +8 plate armour "Piadeamma" {rPois SInv}
                  | (You found it on level 3 of the Spider Nest)
 25243 | Spider:3 | Received a gift from Okawaru
 25612 | Spider:4 | Entered Level 4 of the Spider Nest
 25981 | Spider:4 | Noticed Arachne
 26004 | Spider:4 | Killed Arachne
 26084 | Spider:4 | Reached skill level 18 in Shields
 26568 | Spider:4 | Received a gift from Okawaru
 26569 | Spider:4 | Found the +7 Kryia's mail coat {PotionHeal*2 rC+}
 26596 | Spider:4 | Got a gossamer rune of Zot
 26886 | Swamp:1  | Entered Level 1 of the Swamp
 28012 | Swamp:2  | Found a large runed door.
 28012 | Swamp:2  | Found a large runed door.
 28014 | Swamp:2  | Noticed SpaceYeku's ghost (journeyman FeBe)
 28203 | Swamp:2  | Received a gift from Okawaru
 28256 | Swamp:2  | Lost mutation: You are agile. (Dex +2) [potion of mutation]
 28256 | Swamp:2  | Lost mutation: You have sharp fingernails. [potion of
                  | mutation]
 28256 | Swamp:2  | Gained mutation: You have a somewhat thin skeletal
                  | structure. (Dex +2, Stealth) [potion of mutation]
 28256 | Swamp:2  | Gained mutation: Your magical capacity is low. (-10% MP)
                  | [potion of mutation]
 28256 | Swamp:2  | Gained mutation: You are dopey. (Int -2) [potion of
                  | mutation]
 28256 | Swamp:2  | Gained mutation: Your spells are a little harder to cast,
                  | but a little more powerful. [potion of mutation]
 28278 | Swamp:2  | Lost mutation: Your magical capacity is low. (-10% MP)
                  | [potion of mutation]
 28278 | Swamp:2  | Lost mutation: You are dopey. (Int -2) [potion of mutation]
 28278 | Swamp:2  | Lost mutation: Your spells are a little harder to cast, but
                  | a little more powerful. [potion of mutation]
 28278 | Swamp:2  | Gained mutation: You occasionally shout uncontrollably at
                  | your foes. [potion of mutation]
 28278 | Swamp:2  | Gained mutation: You sometimes yell uncontrollably at your
                  | foes. [potion of mutation]
 28278 | Swamp:2  | Gained mutation: You have sharp toenails. [potion of
                  | mutation]
 28278 | Swamp:2  | Gained mutation: Your muscles are strong. (Str +2) [potion
                  | of mutation]
 28601 | Swamp:3  | Reached XP level 18. HP: 116/116 MP: 19/19
 29150 | Swamp:4  | Entered Level 4 of the Swamp
 29223 | Swamp:4  | Identified the Reference Book on Earthen Boosts
 29532 | Swamp:4  | Reached skill level 19 in Shields
 29631 | Swamp:4  | Received a gift from Okawaru
 30371 | Swamp:4  | Got a decaying rune of Zot
 30647 | Depths:1 | Entered Level 1 of the Depths
 30678 | Depths:1 | Paralysed by a vampire knight for 6 turns
 30694 | Depths:1 | Paralysed by a vampire knight for 4 turns
 30997 | Depths:1 | Found a gateway to Hell.
 31198 | Depths:1 | Received a gift from Okawaru
 31350 | Depths:1 | Noticed Saint Roka
 31381 | Depths:1 | Killed Saint Roka
 31658 | Depths:1 | Reached skill level 15 in Fighting
 31685 | Depths:1 | Found a runed door.
 31686 | Depths:1 | Noticed a caustic shrike
 31687 | Depths:1 | Found a runed door.
 31730 | Depths:1 | Reached XP level 19. HP: 88/124 MP: 20/20
 31747 | Depths:1 | Received a gift from Okawaru
 31782 | Depths:1 | Got a transparent lapis lazuli ring
 31784 | Depths:1 | Got a fine wooden ring
 31794 | Depths:1 | Got a scorched ruby amulet
 31796 | Depths:1 | Identified the amulet of the Moon {+Blink +Rage rF+ Dex+3}
                  | (You took it off a frost giant on level 1 of the Depths)
 31816 | Depths:1 | Got a warped tin amulet
 31926 | Depths:1 | Identified the amulet "Agittecs" {Harm *Drain Fragile rPois
                  | Str-5 Int+8} (You found it on level 1 of the Depths)
 32082 | Depths:1 | Found a one-way gate leading to the halls of Pandemonium.
 32193 | Depths:2 | Received a gift from Okawaru
 32193 | Depths:2 | Reached skill level 20 in Shields
 32295 | Depths:2 | Paralysed by a vampire knight for 2 turns
 33293 | Depths:2 | Received a gift from Okawaru
 33698 | Depths:2 | Reached XP level 20. HP: 131/131 MP: 16/21
 33742 | Depths:2 | Noticed Nikola
 33759 | Depths:2 | Killed Nikola
 33933 | Depths:2 | Received a gift from Okawaru
 34266 | Depths:3 | Reached skill level 21 in Shields
 34435 | Depths:3 | Found a huge runed gate.
 34435 | Depths:3 | Found a huge runed gate.
 34436 | Depths:3 | Found a huge runed gate.
 34437 | Depths:3 | Found a huge runed gate.
 34439 | Depths:3 | Found a huge runed gate.
 34440 | Depths:3 | Found a huge runed gate.
 34441 | Depths:3 | Found a huge runed gate.
 34443 | Depths:3 | Found a huge runed gate.
 34443 | Depths:3 | Found a huge runed gate.
 34444 | Depths:3 | Found a huge runed gate.
 34445 | Depths:3 | Found a huge runed gate.
 34463 | Depths:3 | Found a huge runed gate.
 34464 | Depths:3 | Found a huge runed gate.
 34465 | Depths:3 | Found a huge runed gate.
 34466 | Depths:3 | Found a huge runed gate.
 34467 | Depths:3 | Found a huge runed gate.
 34468 | Depths:3 | Found a huge runed gate.
 34469 | Depths:3 | Found a huge runed gate.
 34470 | Depths:3 | Found a huge runed gate.
 34471 | Depths:3 | Found a huge runed gate.
 34479 | Depths:3 | Found a huge runed gate.
 34479 | Depths:3 | Found a huge runed gate.
 34479 | Depths:3 | Found a huge runed gate.
 34480 | Depths:3 | Found a huge runed gate.
 34481 | Depths:3 | Found a huge runed gate.
 34499 | Depths:3 | Found a huge runed gate.
 34500 | Depths:3 | Found a huge runed gate.
 34652 | Depths:3 | Found a huge runed gate.
 34652 | Depths:3 | Found a huge runed gate.
 34653 | Depths:3 | Found a huge runed gate.
 34654 | Depths:3 | Found a huge runed gate.
 34655 | Depths:3 | Found a huge runed gate.
 34656 | Depths:3 | Found a huge runed gate.
 34657 | Depths:3 | Found a huge runed gate.
 34658 | Depths:3 | Found a huge runed gate.
 34659 | Depths:3 | Found a huge runed gate.
 34672 | Depths:3 | Found a large runed door.
 34676 | Depths:3 | Found a large runed door.
 34678 | Depths:3 | Found a large runed door.
 34679 | Depths:3 | Found a large runed door.
 34679 | Depths:3 | Found a large runed door.
 34679 | Depths:3 | Noticed a golden dragon
 34682 | Depths:3 | Found a large runed door.
 34683 | Depths:3 | Found a large runed door.
 34683 | Depths:3 | Found a large runed door.
 34861 | Depths:3 | Paralysed by a vampire knight for 6 turns
 34943 | Depths:3 | Received a gift from Okawaru
 35331 | Depths:4 | Noticed a golden dragon
 35343 | Depths:4 | Killed a golden dragon
 35394 | Depths:4 | Found a one-way gate to the infinite horrors of the Abyss.
 35493 | Depths:4 | Paralysed by a floating eye for 3 turns
 35504 | Depths:4 | Received a gift from Okawaru
 35683 | Depths:4 | Noticed a Brimstone Fiend
 36339 | Depths:4 | Reached XP level 21. HP: 140/140 MP: 22/22
 36515 | Depths:4 | Found Cagistrue's Gadget Shop.
 36523 | Depths:4 | Found Tosereysh's Jewellery Shoppe.
 36525 | Depths:4 | Found Tyxkabb's Gadget Shop.
 37411 | Depths:4 | Noticed an ancient lich
 37416 | Depths:4 | Paralysed by an ancient lich for 3 turns
 37425 | Depths:4 | Killed an ancient lich
 37439 | Depths:4 | Got a clouded jade ring
 37557 | Depths:5 | Entered Level 5 of the Depths
 37733 | Depths:5 | Reached skill level 22 in Shields
 37754 | Depths:5 | Received a gift from Okawaru
 38244 | Depths:5 | Noticed a juggernaut
 38866 | Depths:5 | Found a gateway to a ziggurat.
 38945 | Depths:5 | Killed a juggernaut
 38945 | Depths:5 | Received a gift from Okawaru
 39254 | Depths:5 | Noticed a golden dragon
 39264 | Depths:5 | Killed a golden dragon
 39264 | Depths:5 | Reached XP level 22. HP: 148/148 MP: 16/24
 39379 | Depths:5 | Found a gate to the Realm of Zot.
 39707 | Vaults:1 | Entered Level 1 of the Vaults
 39715 | Vaults:1 | Found a magical portal.
 39895 | Vaults:1 | Received a gift from Okawaru
 40168 | Vaults:1 | Cast into level 2 of the Abyss (a deep elf sorcerer)
 40323 | Abyss:2  | Reached skill level 23 in Shields
 40567 | Vaults:1 | Escaped the Abyss
 41178 | Vaults:1 | Found Suuvej's Book Emporium.
 41553 | Vaults:2 | Received a gift from Okawaru
 41972 | Vaults:2 | Found Kewamnod's Armour Shoppe.
 41980 | Vaults:2 | Bought a +1 pair of gloves of dexterity for 231 gold pieces
 42236 | Vaults:2 | Found Buatwo's Book Shop.
 42490 | Vaults:2 | Found Onaimy's Magic Scroll Shoppe.
 42526 | Vaults:2 | Found Taselufa's Armour Shop.
 42531 | Vaults:2 | Reached XP level 23. HP: 155/155 MP: 25/25
 43441 | Vaults:3 | Received a gift from Okawaru
 43475 | Vaults:3 | Found a staircase to the Crypt.
 44158 | Vaults:3 | Paralysed by a great orb of eyes for 3 turns
 44415 | Vaults:4 | Reached skill level 24 in Shields
 44552 | Vaults:4 | Found the +4 robe of Augmentation {Str+4 Int+4 Dex+4}
 44695 | Vaults:4 | Found Tuyf's Antique Armour Boutique.
 45083 | Vaults:4 | Received a gift from Okawaru
 45486 | Vaults:5 | Entered Level 5 of the Vaults
 45561 | Vaults:4 | Reached XP level 24. HP: 163/163 MP: 25/25
 45734 | Vaults:5 | Received a gift from Okawaru
 45758 | Vaults:5 | Received a gift from Okawaru
 45758 | Vaults:5 | Reached skill level 25 in Shields
 45836 | Vaults:5 | Noticed an ancient lich
 45845 | Vaults:5 | Killed an ancient lich
 46019 | Vaults:5 | Reached XP level 25. HP: 171/171 MP: 26/26
 46034 | Vaults:5 | Found Ugodell's General Store.
 46061 | Vaults:5 | Received a gift from Okawaru
 46268 | Vaults:5 | Found the +9 staff of Wucad Mu {channel}
 46403 | Vaults:5 | Got a silver rune of Zot
 46546 | Vaults:5 | Found Lapsul's General Store.
 46664 | Vaults:5 | Identified the Reference Book on Flight and the Volcanoes
 47336 | Zot:1    | Entered Level 1 of the Realm of Zot
 47527 | Zot:1    | Received a gift from Okawaru
 47657 | Zot:1    | Got a warped marble ring
 47659 | Zot:1    | Identified the ring "Cefuem" {*Drain MR+ Dex+2 Stlth+} (You
                  | acquired it on level 1 of the Realm of Zot)
 48112 | Zot:2    | Reached skill level 26 in Shields
 48278 | Zot:2    | Received a gift from Okawaru
 48328 | Zot:2    | Noticed an orb of fire
 48345 | Zot:2    | Killed an orb of fire
 48345 | Zot:2    | Received a gift from Okawaru
 49741 | Zot:3    | Reached XP level 26. HP: 179/179 MP: 26/26
 49925 | Zot:3    | Reached skill level 15 in Armour
 50042 | Zot:3    | Received a gift from Okawaru
 50174 | Zot:3    | Got transparent swamp dragon scales
 50185 | Zot:3    | Identified the +1 swamp dragon scales "Vumn" {rPois Str+6}
                  | (You found it on level 3 of the Realm of Zot)
 50688 | Zot:4    | Reached skill level 27 in Shields
 50733 | Zot:4    | Received a gift from Okawaru
 51326 | Zot:4    | Noticed Tiamat
 51378 | Zot:4    | Received a gift from Okawaru
 51395 | Zot:4    | Killed Tiamat
 51588 | Zot:5    | Entered Level 5 of the Realm of Zot
 51598 | Zot:5    | Reached XP level 27. HP: 134/188 MP: 26/26
 51618 | Zot:5    | Noticed an orb of fire
 51625 | Zot:5    | Gained mutation: You are frail. (-10% HP) [an orb of fire]
 51640 | Zot:5    | Killed an orb of fire
 52048 | Zot:5    | Received a gift from Okawaru
 52051 | Zot:5    | Got a pair of slimy boots {god gift}
 52057 | Zot:5    | Identified the +0 pair of boots of Xedyogoo {rCorr Str+4}
                  | (Okawaru gifted it to you on level 5 of the Realm of Zot)
 52091 | Zot:5    | Noticed an ancient lich
 52115 | Zot:5    | Killed an ancient lich
 52140 | Zot:5    | Noticed an orb of fire
 52159 | Zot:5    | Gained mutation: You tend to lose your temper in combat.
                  | [an orb of fire]
 52167 | Zot:5    | Killed an orb of fire
 52184 | Zot:5    | Noticed an orb of fire
 52193 | Zot:5    | Killed an orb of fire
 52205 | Zot:5    | Reached skill level 5 in Invocations
 52303 | Zot:5    | Noticed an orb of fire
 52313 | Zot:5    | Gained mutation: Armour fits poorly on your strangely
                  | shaped body. [an orb of fire]
 52314 | Zot:5    | Gained mutation: You are occasionally teleported next to
                  | monsters. [an orb of fire]
 52319 | Zot:5    | Gained mutation: You are sometimes teleported next to
                  | monsters. [an orb of fire]
 52331 | Zot:5    | Killed an orb of fire
 52331 | Zot:5    | Received a gift from Okawaru
 52481 | Zot:5    | Noticed an orb of fire
 52485 | Zot:5    | Gained mutation: You are dopey. (Int -2) [an orb of fire]
 52488 | Zot:5    | Noticed an ancient lich
 52507 | Zot:5    | Killed an orb of fire
 52521 | Zot:5    | Noticed an orb of fire
 52521 | Zot:5    | Killed an ancient lich
 52529 | Zot:5    | Gained mutation: You often lose your temper in combat. [an
                  | orb of fire]
 52547 | Zot:5    | Killed an orb of fire
 52587 | Zot:5    | Got the Orb of Zot
 52650 | Zot:5    | Noticed Lenlaop the pandemonium lord
 52654 | Zot:5    | Lost mutation: You are dopey. (Int -2) [a shining eye]
 52662 | Zot:5    | Killed Lenlaop the pandemonium lord
 52662 | Zot:5    | Received a gift from Okawaru
 52667 | Zot:5    | Noticed Ugukas the pandemonium lord
 52893 | Depths:5 | Noticed Goylykhlu the pandemonium lord
 52914 | Depths:5 | Killed Goylykhlu the pandemonium lord
 52914 | Depths:5 | Received a gift from Okawaru
 52949 | Depths:5 | Noticed Agrel the pandemonium lord
 53007 | Depths:3 | Noticed Funt the pandemonium lord
 53349 | D:8      | Noticed Tytaist the pandemonium lord
 53371 | D:8      | Killed Tytaist the pandemonium lord
 53390 | D:8      | Killed from afar by a Brimstone Fiend

Skill      XL: |  1  2  3  4  5  6  7  8  9 10 11 12 13 14 15 16 17 18 19 20 21 22 23 24 25 26 27 |
---------------+----------------------------------------------------------------------------------+-----
Axes           | 2 3 4 5 7 8 10 11 13 14 15 16 17 18 19 20 21 22 23 24 | 24.4
Fighting       | 4 5 6 7 8 9 10 11 12 13 14 15 16 17 18 19 20 21 22 23 24 | 24.8
Armour         | 4 5 6 7 8 9 10 11 12 13 14 15 16 | 16.6
Dodging        | 1 2 3 4 |  4.2
Shields        | 4 5 7 9 10 11 13 14 16 17 18 19 20 21 22 23 24 25 26 27 | 27.0
Stealth        | 1 2 3 |  3.5
Invocations    | 1 2 3 4 6 |  6.1
Evocations     | 1 2 |  2.7
Throwing       | 2 |  2.8

Action                   |  1- 3 |  4- 6 |  7- 9 | 10-12 | 13-15 | 16-18 | 19-21 | 22-24 | 25-27 || total
-------------------------+-------+-------+-------+-------+-------+-------+-------+-------+-------++-------
Melee: War axe           |   141 |   117 |       |       |   305 |       |       |       |       ||   563
       Broad axe         |       |    68 |   520 |  1016 |   825 |  1375 |  1383 |  1140 |  1500 ||  7827
       Unarmed           |       |     1 |       |     1 |       |       |       |       |       ||     2
       Kick              |       |       |       |       |       |   290 |   888 |   696 |   624 ||  2498
Throw: Javelin           |       |       |       |       |    66 |     8 |       |       |       ||    74
       Tomahawk          |       |       |       |       |    12 |       |       |       |       ||    12
Invok: Heroism           |       |       |       |     1 |     3 |     2 |     3 |     2 |     4 ||    15
       Finesse           |       |       |       |       |     2 |     2 |     4 |     2 |     3 ||    13
 Abil: Evoke Flight      |       |       |       |       |     2 |       |       |       |       ||     2
       Stop Flying       |       |       |       |       |     2 |     7 |     2 |       |     2 ||    13
       Fly               |       |       |       |       |     2 |     5 |     2 |       |     2 ||    11
       Evoke Berserk Rag |       |       |       |       |       |       |       |       |     1 ||     1
Evoke: Wand              |       |       |       |       |    30 |     4 |       |       |     1 ||    35
       Lamp of fire      |       |       |       |       |       |     2 |     1 |       |       ||     3
  Use: Scroll            |     4 |     6 |     7 |     4 |     6 |     7 |     9 |     7 |     6 ||    56
       Potion            |       |     1 |     2 |     6 |    17 |    12 |     1 |     4 |     7 ||    50
 Stab: Confused          |       |       |       |       |     2 |       |     1 |       |       ||     3
       Distracted        |       |       |       |       |       |       |       |     2 |       ||     2
  Eat: Chunk             |     1 |     7 |     8 |    16 |    31 |    20 |    15 |    23 |    24 ||   145
       Ration            |       |       |     6 |     4 |     1 |     6 |     3 |       |     1 ||    21
Armor: Scale mail        |    83 |    10 |       |       |       |       |       |       |       ||    93
       Chain mail        |       |    99 |   392 |    52 |       |       |       |       |       ||   543
       Skin              |       |     3 |       |       |       |       |       |       |       ||     3
       Plate armour      |       |       |       |   676 |   886 |  1097 |   505 |    88 |       ||  3252
       Crystal plate arm |       |       |       |       |       |       |       |   411 |   587 ||   998
Dodge: Dodged            |    51 |    43 |   165 |   235 |   276 |   401 |   228 |   201 |   236 ||  1836
Block: Shield            |    90 |   105 |   358 |   566 |       |       |       |       |       ||  1119
       Large shield      |       |       |       |   261 |  1634 |  2064 |  1423 |  1527 |  1803 ||  8712
